cohdb
Replays
Latest Replays
All Replays
Popular Replays
Top Player Replays
Match Explorer
How It Works
Community
CoH3 Stats
Reddit
Sign in to upload your games and track your stats! →
Sign in with Steam
Match 40824002
Unlisted
Match 40824002
Overview
Messages
Build Orders
End
Kettenkrad Recon Vehicle
Construct Infanterie Kompanie
Selects Terror Battlegroup
MG 42 Machine Gun Team
Selects Machine Gun Camouflage
Grenadier Squad
Grenadier Squad
Selects Contempt for the Weak
GrW 34 Mortar Team
Construct Panzergrenadier Kompanie
Medical Station
Panzergrenadier Squad
Pak 40 Anti-tank Gun Team
Construct Panzer Kompanie
Selects Propaganda Leaflet Drop
Propaganda Leaflet Drop
Sturmpanzer IV Brummbär
Side Skirts
Panzer Officer Quarters
Propaganda Leaflet Drop
Panzer IV Medium Tank
Selects V1 Rocket Strike
Panzer IV Medium Tank
V1 Rocket Strike
prx
PaperWade
Microsoft Outlook
deadsadbadmad
0
0
Comments
sign in to comment!
No comments posted yet!